AoeStats
← flynorc

Pilgrims

507335416Analyzed
4v4 RM · 14d ago on Sep 17, 2026· 35m 39s· 8 players
Game mode
Random Map
Map size
Large (8 player)
Population
200
Speed
Normal
Resources
Standard
Victory
Conquest
Starting age
Dark Age
Ending age
Imperial Age
RankedLock teamsTeams togetherTeam positionsShared explorationLock speedFull tech treeHidden civsTurbo modeCheats
Victory
Defeat
🇮🇱 Shu · Israel
1461
+16
🇪🇸 Koreans · Spain
1438
+17
🇦🇹 Italians · Austria
1437
+17
🇩🇪 Dravidians · Germany
1393
+19
🇨🇭 Armenians · Switzerland
1506
-20
🇿🇦 Koreans · South Africa
1472
-18
🇮🇹 Portuguese · Italy
1471
-18
🇺🇸 Aztecs · United States
1365
-13
cmd 2.0
8:34 Loom
10:55 Feudal Age
15:14 Castle Age
13:21 Gold Mining
13:14 Fishing Lines
13:58 Fletching
15:53 Gillnets
15:56 Double-Bit Axe
17:46 Medium Warships
23:05 Man-at-Arms
24:25 Long Swordsman
24:51 Gambesons
25:48 Squires
25:54 Scale Mail Armor
26:04 Forging
25:51 Stone Mining
27:01 Bow Saw
27:45 Arson
30:30 Chain Mail Armor
32:32 Iron Casting
32:10 Horse Collar
32:56 Bodkin Arrow
34:49 Padded Archer Armor
Álvaro de Bazán
6:23 Loom
13:22 Feudal Age
13:52 Double-Bit Axe
13:58 Town Watch
14:17 Fletching
20:22 Castle Age
21:03 Bodkin Arrow
24:49 Ballistics
29:54 Murder Holes
33:31 Imperial Age
34:01 Gold Mining
34:47 Bracer
35:49 Chemistry
flynorc
4:29 Loom
11:19 Feudal Age
12:36 Fishing Lines
14:24 Double-Bit Axe
17:07 Castle Age
16:36 Fletching
17:55 Gold Mining
18:17 Medium Warships
18:09 Bodkin Arrow
19:47 Crossbowman
20:29 Padded Archer Armor
25:02 Imperial Age
23:37 Ballistics
25:51 Bracer
27:16 Bow Saw
27:45 Heavy Warships
29:01 Wheelbarrow
28:21 Gillnets
28:58 Forging
30:19 Chemistry
31:08 Leather Archer Armor
33:36 Hand Cart
33:06 Town Watch
35:07 Two-Man Saw
33:49 Horse Collar
34:01 Stone Mining
34:42 Ring Archer Armor
34:49 Iron Casting
33:39 Arbalester
34:24 Thumb Ring
Wavelogic
11:18 Feudal Age
9:34 Loom
11:50 Double-Bit Axe
15:52 Castle Age
14:50 Fletching
14:55 Horse Collar
16:09 Crossbowman
17:47 Bow Saw
17:45 Bodkin Arrow
22:46 Padded Archer Armor
24:18 Gold Mining
26:05 Ballistics
26:03 Town Watch
29:04 Wheelbarrow
33:11 Hand Cart
35:30 Imperial Age
34:44 Thumb Ring
34:56 Leather Archer Armor
35:23 Gold Shaft Mining
34:38 Stone Mining
DMenisDenisTTV
9:50 Feudal Age
11:21 Loom
14:22 Castle Age
13:31 Double-Bit Axe
15:33 Fervor
15:28 Squires
15:35 Scale Mail Armor
18:03 Wheelbarrow
18:52 Bow Saw
19:44 Sanctity
19:49 Hand Cart
21:51 Fishing Lines
24:08 Devotion
23:40 Eagle Warrior
30:28 Town Watch
lorddoc
6:57 Loom
12:02 Feudal Age
13:03 Fishing Lines
15:47 Castle Age
15:55 Fletching
16:59 Bodkin Arrow
26:13 Gillnets
27:48 Padded Archer Armor
30:04 Leather Archer Armor
34:07 Double-Bit Axe
Ser_0
3:17 Loom
15:57 Feudal Age
20:34 Castle Age
29:10 Imperial Age
28:05 Wheelbarrow
27:15 Town Watch
Nduku
9:12 Loom
11:29 Feudal Age
12:34 Double-Bit Axe
20:09 Fishing Lines
26:41 Castle Age
26:13 Gold Mining
27:36 Gillnets
28:18 Medium Warships
28:29 Crossbowman
36:24 Imperial Age
Connection lost

Rejoining the realm…

Still unreachable

The connection could not be restored.

Session expired

The server has moved on; the page needs a fresh start.